 Dungeon Crawl Stone Soup version 0.29.0-13-gc9e81de378 (webtiles) character file.

Game seed: 4163791789498578893

1036 Powertoast the Skirmisher (level 8, 0/69 HPs)
             Began as a Minotaur Hunter on Sept 7, 2022.
             Slain by a vampire (11 damage)
             ... on level 5 of the Dungeon.
             The game lasted 00:23:09 (4757 turns).

Powertoast the Skirmisher (Minotaur Hunter)         Turns: 4757, Time: 00:23:10

Health: 0/69       AC:  7    Str: 16    XL:     8   Next: 4%
Magic:  7/7        EV: 12    Int:  6    God:
Gold:   315        SH:  0    Dex: 16    Spells: 7/7 levels left

rFire   + . .      SeeInvis .   a - +0 shortbow
rCold   . . .      Faith    .   (shield currently unavailable)
rNeg    . . .      Spirit   .   s - +0 ring mail {rF+}
rPois   .          Reflect  .   (helmet restricted)
rElec   .          Harm     .   g - +0 cloak
rCorr   .          Rampage  .   (no gloves)
Will    +....                   (no boots)
Stlth   +.........              h - amulet of regeneration
HPRegen 1.01/turn               y - ring of willpower
MPRegen 0.10/turn               (no ring)

@: invisible
A: horns 2, retaliatory headbutt
a: no special abilities


You were on level 5 of the Dungeon.
You visited 2 branches of the dungeon, and saw 7 of its levels.
You also visited: Ossuary.

You collected 315 gold pieces.

Inventory:

Hand Weapons
 a - a +0 shortbow (weapon)
 b - a +2 vorpal hand axe
 t - a +1 dagger of venom
Missiles
 m - 2 silver javelins
Armour
 g - a +0 cloak (worn)
 s - a +0 ring mail of fire resistance (worn)
Jewellery
 c - a ring of protection from cold
 h - an amulet of regeneration (around neck)
 p - an amulet of the acrobat
 y - a ring of willpower (left hand)
Scrolls
 d - a scroll of fog
 f - a scroll of immolation
 l - 3 scrolls of vulnerability
 q - 2 scrolls of poison
Potions
 e - 2 potions of might
 i - 2 potions of haste
 j - 3 potions of brilliance
 k - 3 potions of curing
 n - a potion of resistance
 o - 2 potions of attraction
 w - a potion of cancellation {unknown}
 x - a potion of lignification {unknown}
 z - a potion of mutation {unknown}


   Skills:
 + Level 5.5 Fighting
 + Level 8.7 Ranged Weapons
 - Level 4.0 Armour
 - Level 4.0 Dodging
 - Level 1.0 Stealth


You had 7 spell levels left.
You didn't know any spells.
Your spell library contained the following spells:

 Spells                   Type           Power      Damage    Failure   Level
 Magic Dart               Conj           0%         1d3       65%         1
 Blink                    Tloc           0%         N/A       80%         2
 Call Imp                 Summ           0%         N/A       80%         2
 Call Canine Familiar     Summ           0%         N/A       95%         3
 Confusing Touch          Hex            0%         N/A       95%         3
 Frozen Ramparts          Ice            0%         1d1       95%         3
 Mephitic Cloud           Conj/Pois/Air  0%         N/A       95%         3
 Portal Projectile        Hex/Tloc       0%         N/A       95%         3
 Summon Guardian Golem    Hex/Summ       0%         N/A       95%         3
 Ice Form                 Ice/Tmut       0%         N/A       100%        4
 Leda's Liquefaction      Hex/Erth       0%         N/A       100%        4
 Summon Ice Beast         Ice/Summ       0%         N/A       100%        4
 Manifold Assault         Tloc           0%         N/A       100%        5
 Yara's Violent Unravell  Hex/Tmut       0%         3d3       100%        5
 Enfeeble                 Hex            0%         N/A       100%        7
 Orb of Destruction       Conj           0%         9d5       100%        7
 Spellforged Servitor     Conj/Summ      0%         N/A       100%        7
 Storm Form               Tmut/Air       0%         N/A       100%        7


Dungeon Overview and Level Annotations

Branches:
Dungeon (6/15)             Temple (1/1) D:5         Ossuary (visited)

Altars:
Ashenzari
Dithmenos
Fedhas
Gozag
Hepliaklqana
Makhleb
Qazlal
Trog
Uskayaw
Wu Jian
Zin

Shops:
D:2 [


Innate Abilities, Weirdness & Mutations

You have a pair of horns on your head.
You reflexively headbutt those who attack you in melee.


Message History

The vampire flickers and vanishes!
Deactivating autopickup; reactivate with Ctrl-A.
You shoot an arrow. You shoot an arrow. You shoot an arrow. You shoot an arrow.
Something hits you but does no damage. Something bites you but does no damage.
You shoot an arrow. Something hits you! Something bites you.
Something draws strength from your injuries!
Something hits you! Something barely misses you.
You shoot an arrow. Something hits you! Something bites you but does no damage.
Something hits you! Something bites you.
Something draws strength from your injuries!
You climb upwards.
Reactivating autopickup.
There is a stone staircase leading down here.
Unknown command.
This is a scroll of acquirement!
Something appears at your feet! Something hits you.
Deactivating autopickup; reactivate with Ctrl-A.
Something bites you.
Something draws strength from your injuries!
You feel much better. Something hits you.
Something bites you but does no damage.
You fade into invisibility!
You hear some strange, mumbled words.
Something tries to affect you, but you resist.
c - a ring of protection from cold Something hits you!
Something completely misses you. Something barely misses you.
Something bites you!
Something draws strength from your injuries!
You hear some strange, mumbled words.
Something tries to affect you, but you resist.
Something hits you!
* * * LOW HITPOINT WARNING * * *
Something bites you!
* * * LOW HITPOINT WARNING * * *
Something draws strength from your injuries!
Something hits you!
You die...

...# #..........##..........####
...####............>.............
....!.....##.............###.....
.......##............##.####...#.
#(.........#........###.##...####
..........##.........#......##
....##...####.........#.#....#
...##....#........##..#.#...##
....#........###@##..........####
####..##.#...##..##....?.##...##.
###..).####.####..#.....###......
##.....####..###........##.......
.......)#................##......
#.....>))........................
..........).............###......
..........#.##.......#.###.......
............#...#...######.......


There were no monsters in sight!

Vanquished Creatures
  A phantom (D:5)
  3 scorpions
  A troll zombie (Ossuary)
  A howler monkey (D:5)
  3 centaur zombies (Ossuary)
  A hound (D:4)
  A gnoll bouda (D:5)
  2 iguanas (D:5)
  2 orc wizards (D:5)
  7 mummies (Ossuary)
  4 gnolls (D:5)
  9 adders
  A shadow imp (D:4)
  4 adder zombies (Ossuary)
  3 worms
  3 dart slugs
  19 orcs
  9 endoplasms
  A gnoll zombie (D:4)
  11 hobgoblins
  7 jackals
  6 kobolds
  3 quokkas
  8 ball pythons
  3 bats
  3 frilled lizards
  13 goblins
  7 goblin zombies (Ossuary)
  3 hobgoblin zombies (Ossuary)
  4 kobold zombies (Ossuary)
  5 quokka zombies (Ossuary)
  8 rats
  2 rat zombies (Ossuary)
  2 bushes (D:4)
160 creatures vanquished.

Vanquished Creatures (collateral kills)
  A centaur zombie (Ossuary)
  An iguana (D:5)
2 creatures vanquished.

Grand Total: 162 creatures vanquished

Notes
Turn   | Place    | Note
-------+----------+-------------------------------------------
     0 | D:1      | Powertoast the Minotaur Hunter began the quest for the Orb.
     0 | D:1      | Reached XP level 1. HP: 18/18 MP: 0/0
   124 | D:1      | Reached skill level 1 in Stealth
   145 | D:1      | Reached XP level 2. HP: 23/25 MP: 1/1
   724 | D:1      | Reached XP level 3. HP: 31/31 MP: 2/2
   905 | D:2      | Found a faded altar of an unknown god.
   964 | D:2      | Reached skill level 5 in Ranged Weapons
  1216 | D:2      | Reached XP level 4. HP: 38/38 MP: 3/3
  1265 | D:2      | Found Butzog's Armour Shop.
  1419 | D:3      | Found a broken altar of Ashenzari.
  1505 | D:3      | Noticed a scorpion
  1552 | D:3      | Reached skill level 6 in Ranged Weapons
  2261 | D:3      | Reached XP level 5. HP: 45/45 MP: 4/4
  2281 | D:3      | Found a blossoming altar of Fedhas.
  2735 | D:4      | Found a sand-covered staircase.
  2758 | Ossuary  | Entered an ossuary
  2858 | Ossuary  | Reached XP level 6. HP: 42/51 MP: 5/5
  2907 | Ossuary  | Reached skill level 7 in Ranged Weapons
  3227 | D:4      | Reached XP level 7. HP: 59/59 MP: 6/6
  3847 | D:5      | Entered Level 5 of the Dungeon
  3866 | D:5      | Reached skill level 8 in Ranged Weapons
  3873 | D:5      | Found a staircase to the Ecumenical Temple.
  3894 | Temple   | Entered the Ecumenical Temple
  4377 | D:5      | Reached skill level 5 in Fighting
  4430 | D:5      | Reached XP level 8. HP: 69/69 MP: 7/7
  4746 | D:5      | Identified a scroll of acquirement
  4746 | D:5      | Acquired a ring of protection from cold
  4757 | D:5      | Slain by a vampire

Illustrated notes

Levels and vault maps discovered:
D:1:      minmay_arrival_loop, layout_basic, kennysheep_minor_cross
D:2:      layout_rooms, shapermc_ecumenical_altar_petra, serial_shops,
          nicolae_shop_statue_plus
D:3:      kennysheep_goblin_castle, layout_loops_ring,
          nicolae_overflow_hidden_temple, lightli_corner_chamber
D:4:      layout_basic, enter_ossuary_3, serial_forest,
          infiniplex_forest_clump_medium, infiniplex_forest_end_2,
          infiniplex_forest_lined_room_2, infiniplex_forest_straight_1,
          infiniplex_forest_clump_tiny, infiniplex_forest_clump_curved,
          infiniplex_forest_fountain, minivault_19
D:5:      layout_cave_pools, minmay_temple_entry_wispy, minmay_quadrilaterals
D:6:      layout_basic, slow_altar_2, nicolae_ru_sacrificial_ziggurat
Temple:   nicolae_temple_figure_zero

Skill      XL: |  1  2  3  4  5  6  7 |
---------------+----------------------+-----
Stealth        | 1 |  1.0
Fighting       | 3 4 5 |  5.5
Dodging        | 3 4 |  4.0
Ranged Weapons | 5 6 7 8 |  8.7
Armour         | 3 4 |  4.0

Action                   |  1- 3 |  4- 6 |  7- 9 || total
-------------------------+-------+-------+-------++-------
Melee: Dagger            |     9 |     4 |       ||    13
       Headbutt          |     3 |     5 |    39 ||    47
       Hand axe          |       |     9 |   121 ||   130
       Punch             |       |       |     4 ||     4
 Fire: Shortbow          |   107 |   231 |   151 ||   489
  Use: Scroll            |       |    11 |     6 ||    17
       Potion            |       |     2 |     5 ||     7
Armor: Leather armour    |     8 |    14 |       ||    22
       Ring mail         |       |    57 |    32 ||    89
Dodge: Dodged            |    18 |    67 |    70 ||   155
